 Dungeon Crawl Stone Soup version 0.14.0-12-g87ee3b7 (webtiles) character file.

70569 Broswagonist the Hoplite (level 15, -3/134 HPs)
             Began as a Hill Orc Fighter on Apr 17, 2014.
             Was the Champion of Beogh.
             Slain by a seven-headed hydra (12 damage)
             ... on Level 2 of the Swamp.
             The game lasted 04:23:54 (28557 turns).

Broswagonist the Hoplite (Hill Orc Fighter)        Turns: 28557, Time: 04:23:54

HP  -3/134       AC 28     Str 26      XL: 15   Next: 24%
MP  31/31        EV  6     Int  8      God: Beogh [******]
Gold 2767        SH 49     Dex 18      Spells:  0 memorised, 14 levels left

rFire  . . .     SeeInvis .     a - +11,-1 war axe of the Mosquito {freeze, Stlth+}
rCold  . . .     Clarity  .     Y - +4 chain mail {rPois}
rNeg   . . .     Conserve +     m - +2 large shield
rPois  +         rCorr    +     (no helmet)
rElec  .         rRot     .     O - +2 cloak {rCorr, Cons}
SustAb . .       Spirit   .     l - +2 pair of gloves
rMut   .         Warding  .     M - +1 pair of boots {Fly}
Gourm  +         Stasis   .     K - amulet of the gourmand
MR     +....                    U - +5 ring of dexterity
                                o - +3 ring of dexterity

@: flying, somewhat resistant to hostile enchantments, extremely unstealthy
A: walk on water, saprovore 1
a: Smiting, Recall Orcish Followers, Renounce Religion, Stop Flying


You were on level 2 of the Swamp.
You worshipped Beogh.
Beogh was exalted by your worship.
You were not hungry.

You visited 3 branches of the dungeon, and saw 26 of its levels.
You also visited: Labyrinth, Ossuary and Bailey.

You collected 3167 gold pieces.
You spent 400 gold pieces at shops.

Inventory:

Hand weapons
 a - the +11,-1 war axe of the Mosquito (weapon) {freeze, Stlth+}
   (You found it on level 6 of the Dungeon)

   It has been specially enchanted to freeze those struck by it, causing extra
   injury to most foes and up to double damage against particularly susceptible
   opponents.
   It can also slow down cold-blooded creatures.
   It makes you much more stealthy.
Missiles
 c - 41 arrows
 j - 20 bolts
 u - 5 throwing nets
 B - 32 tomahawks of returning (quivered)
 W - 25 sling bullets
Armour
 l - a +2 pair of gloves (worn)
 m - a +2 large shield (worn)
 I - a +2 chain mail of magic resistance
 M - a +1 pair of boots of flying (worn)
 O - a +2 cloak of preservation (worn)
 Y - a +4 chain mail of poison resistance (worn)
Magical devices
 f - a wand of slowing (15)
 p - a wand of digging (14)
 s - a wand of disintegration (10)
 y - a wand of random effects (3)
 N - a wand of lightning (3)
Comestibles
 k - a choko
 t - 4 bread rations
Scrolls
 q - 2 scrolls of teleportation
 x - 4 scrolls of identify
 F - a scroll of blinking
 G - a scroll of vulnerability
 H - a scroll of recharging
 J - 3 scrolls of remove curse
 L - a scroll of magic mapping
Jewellery
 i - an uncursed amulet of guardian spirit
 o - a +3 ring of dexterity (left hand)
 C - an uncursed ring of protection from fire
 K - an amulet of the gourmand (around neck)
 Q - an uncursed amulet of resist mutation
 U - a +5 ring of dexterity (right hand)
Potions
 v - 3 potions of lignification
 z - 3 potions of might
 A - a potion of porridge
 D - a potion of restore abilities
 E - 4 potions of curing
Books
 d - a book of the Earth

   Spells                             Type                      Level
   Leda's Liquefaction                Hexes/Earth                  4
   Bolt of Magma                      Conjuration/Fire/Earth       5
   Statue Form                        Transmutation/Earth          6
   Iron Shot                          Conjuration/Earth            6
   Shatter                            Earth                        9
Miscellaneous
 e - a fan of gales
 g - a fan of gales
 h - a lamp of fire
 n - a stone of tremors
 r - a disc of storms
 S - a fan of gales (inert)
Rods
 b - a +7 rod of clouds (1/16)
   (You found it in a labyrinth)


   Skills:
 + Level 12.8 Fighting
 + Level 12.4 Maces & Flails
 + Level 11.9 Armour
 + Level 14.4 Shields
 + Level 13.3 Invocations
 * Level 9.8 Evocations


You had 14 spell levels left.
You didn't know any spells.

Dungeon Overview and Level Annotations

Branches:
Dungeon (15/15)            Temple (0/1) D:7             Orc (0/4) D:12
   Lair (8/8) D:8           Swamp (3/5) Lair:6       Spider (0/5) Lair:4
  Slime (0/6) Lair:6       Vaults (0/5) D:13         Depths (0/5) D:15

Altars:
Dithmenos
Elyvilon
Fedhas
Makhleb
Zin

Shops:
D:5 %   D:6 }[*   D:11 *   D:13 :   D:14 *

Portals:
Hell: Lair:8

Annotations:
Swamp:3 Donald


Innate Abilities, Weirdness & Mutations

You can tolerate rotten meat.
You can walk on water.


Message History

The seven-headed hydra bites you but does no damage.
You block the seven-headed hydra's attack.
The seven-headed hydra is engulfed in roaring flames.
You block the seven-headed hydra's attack.
The seven-headed hydra bites you but does no damage.
The seven-headed hydra bites you.
* * * LOW HITPOINT WARNING * * *
You block the seven-headed hydra's attack. x2
The seven-headed hydra bites you.
* * * LOW HITPOINT WARNING * * *
The seven-headed hydra bites you but does no damage.
The seven-headed hydra is engulfed in roaring flames.
You block the seven-headed hydra's attack. x2
The seven-headed hydra bites you.
* * * LOW HITPOINT WARNING * * *
The seven-headed hydra bites you but does no damage.
You block the seven-headed hydra's attack.
The seven-headed hydra barely misses you.
The seven-headed hydra bites you!
You die...

♣≈≈≈≈≈≈.≈≈.≈≈≈≈≈.≈≈≈≈≈≈≈≈≈♣≈.≈≈♣.
♣.≈≈≈≈≈......≈≈≈..≈.≈≈≈≈.≈≈≈≈≈≈♣.
♣≈≈...≈.≈.♣♣.≈≈≈≈.≈>≈≈..≈≈≈≈≈≈≈≈≈
♣.≈≈≈≈≈≈≈≈♣♣≈≈≈....≈≈..≈≈≈≈≈.≈≈.≈
♣≈≈≈≈≈≈≈≈.♣♣....≈♣≈≈..≈≈≈.≈♣.≈.≈≈
♣≈≈.....≈..♣♣♣.≈≈≈≈§§§§≈♣≈.....≈≈
♣≈.♣..≈.≈≈.♣ ♣.≈≈§§§§§§≈≈≈≈≈.≈≈≈≈
♣..≈≈♣≈♣≈≈.♣♣♣.≈♣§≈§§♣§§≈≈≈≈.≈♣≈.
♣..≈....≈....≈..@D≈§§§.§≈.......§
♣♣♣♣♣♣♣♣♣♣♣♣♣♣♣♣♣♣§♣♣♣♣♣.♣♣♣♣♣♣♣♣
♣♣♣ ♣♣♣ ♣


You could see a seven-headed hydra.

Vanquished Creatures
  A minotaur (Lab)
  3 hydras
  A shambling mangrove (Swamp:1)
  3 alligators (Swamp:2)
  A centaur warrior (D:14)
  A wizard (Lair:8)
  3 unseen horrors
  A swamp dragon (Swamp:2)
  6 spiny frogs
  3 orange demons (Lair:8)
  2 kobold demonologists (D:12)
  3 giant fireflies
  A hellwing (Lair:8)
  4 wandering mushrooms (Lab)
  A red devil (Lair:8)
  A blue devil (Lair:8)
  2 two-headed ogres (D:15)
  2 brown oozes (Lair:6)
  4 ravens
  3 bog bodies
  5 slime creatures (Swamp:2)
  3 shadows (Swamp:2)
  A human (D:7)
  6 ugly things
  A griffon skeleton (D:13)
  2 spriggans (Swamp:2)
  3 yaks
  2 wolves (Lair:3)
  A hippogriff (Lair:2)
  8 vampire mosquitoes
  5 swamp worms (Swamp:2)
  A swamp drake (Swamp:1)
  An orc warrior (D:6)
  2 porcupines
  4 phantoms
  3 water moccasins
  A black bear (D:10)
  2 ice beasts
  4 ogres
  A giant goldfish (Swamp:1)
  A crocodile (Lair:1)
  Sigmund (D:3)
  A big kobold (D:12)
  A giant slug (Swamp:1)
  6 giant frogs
  A cyclops zombie (D:13)
  6 insubstantial wisps (Swamp:2)
  A gnoll sergeant (D:6)
  12 scorpions
  5 centaurs
  5 crimson imps
  A gnoll shaman (D:4)
  A centaur zombie (Ossuary)
  A basilisk zombie (D:6)
  5 hounds
  A human zombie (Ossuary)
  Crazy Yiuf (D:3)
  A quasit (D:12)
  3 big fish
  A jelly (D:5)
  6 orc wizards
  4 orc priests
  An iguana (D:6)
  4 worker ants
  7 sheep
  2 big kobold zombies (Ossuary)
  2 mummies (Ossuary)
  19 gnolls
  2 green rats (Lair:2)
  6 scorpion zombies (Ossuary)
  2 shadow imps
  11 adders
  2 giant mites
  An inept feature mimic (D:2)
  2 worms
  A white imp (Lair:4)
  An ufetubus (D:12)
  An ooze (D:4)
  17 orcs
  13 bats
  A bat skeleton (D:6)
  A bat zombie (D:5)
  7 giant cockroaches
  14 goblins
  12 hobgoblins
  15 jackals
  5 quokkas
  2 ball pythons
  6 giant geckos
  7 giant newts
  A giant newt zombie (D:6)
  6 gnoll zombies (Ossuary)
  A goblin zombie (Ossuary)
  3 hobgoblin zombies
  A jackal skeleton (D:4)
  22 kobolds
  2 kobold zombies (Ossuary)
  An orc skeleton (D:5)
  3 orc zombies (Ossuary)
  17 rats
  A bush (Lair:8)
  4 fungi
393 creatures vanquished.

Vanquished Creatures (collateral kills)
  Rupert (Lair:4)
  Maud (Lair:3)
  A frost giant (D:15)
  2 dire elephants (Lair:8)
  Snorg (Lair:4)
  A vault guard (D:13)
  Fannar (Lair:1)
  An ice dragon (Lair:4)
  10 hydras
  Harold (Lair:1)
  Nessos (D:14)
  An ogre mage (D:15)
  6 death yaks (Lair:8)
  An alligator (Swamp:1)
  Nergalle (Lair:1)
  A catoblepas (Lair:5)
  4 centaur warriors
  6 skeletal warriors
  A swamp dragon (Swamp:1)
  3 unseen horrors
  3 hill giants
  A hell beast (Lair:8)
  2 orc knights
  3 griffons
  2 wizards (D:13)
  A red wasp (shapeshifter) (D:15)
  5 cyclopes
  A manticore (D:15)
  Maurice (D:12)
  3 black mambas
  An item mimic (D:10)
  18 spiny frogs
  A feature mimic (D:10)
  Psyche (D:11)
  2 gargoyles
  2 kobold demonologists
  A yaktaur (D:15)
  4 giant fireflies (Lair:5)
  A giant leech (Swamp:1)
  6 blink frogs
  7 trolls
  4 boggarts (D:15)
  4 fire drakes
  5 blue devils (Lair:8)
  5 slime creatures
  6 komodo dragons
  A bog body (Swamp:1)
  2 hydra skeletons
  2 brown oozes (Lair:6)
  4 two-headed ogres
  2 deep elf magi
  5 basilisks
  5 sharks
  A shadow (D:15)
  2 wyverns
  A trapdoor spider (D:12)
  A fire dragon skeleton (D:15)
  2 hill giant zombies (D:12)
  22 humans (D:13)
  24 yaks
  4 orc warriors
  11 hippogriffs
  7 ugly things
  2 wraiths
  7 vampire mosquitoes
  An elephant slug (Lair:6)
  3 swamp worms
  17 wolves
  3 soldier ants
  13 water moccasins
  A mottled dragon (D:15)
  10 ogres
  2 sky beasts
  2 ice beasts
  2 black bears
  9 porcupines
  3 centaurs
  A manticore skeleton (D:9)
  3 giant goldfish
  2 big kobolds
  8 giant slugs
  3 boring beetles
  A lava worm (Lair:5)
  11 giant frogs
  A brain worm (D:14)
  2 earth elementals (D:11)
  A wyvern skeleton (D:8)
  11 crocodiles
  A hippogriff zombie (Lair:8)
  5 scorpions
  A cyclops skeleton (D:12)
  9 killer bees
  3 electric eels (Lair:6)
  3 wights (D:8)
  3 crimson imps
  2 big fish (Lair:6)
  2 goliath beetles
  4 jellies
  A giant frog zombie (D:12)
  2 quasits
  3 orc wizards
  2 orc priests
  4 hounds
  4 iguanas
  A two-headed ogre skeleton (D:10)
  2 worker ants
  A big kobold zombie (D:9)
  25 sheep
  A crocodile skeleton (D:9)
  A mummy (D:13)
  2 worker ant zombies
  17 adders
  33 green rats
  2 giant mites (D:7)
  2 orc skeletons (D:8)
  2 shadow imps
  A white imp (Lair:4)
  4 worms
  3 giant eyeballs
  3 giant geckos
  An ooze (Lair:6)
  4 orcs (D:12)
  2 hobgoblins
  20 jackals
  5 kobolds
  5 quokkas
  9 bats
  A gnoll zombie (D:7)
  4 goblins
  12 rats
  A butterfly (Lair:1)
  17 fungi
580 creatures vanquished.

Vanquished Creatures (others)
  An air elemental (D:14)
  3 orc wizards
  A raven (Swamp:2)
  3 orc priests
  2 orc warriors
  A lava snake (D:12)
  A hound (D:3)
  A mummy (Ossuary)
  24 orcs
  A jackal (D:3)
  A bat (D:3)
  A giant spore (D:12)
  A goblin (D:3)
  4 fungi
45 creatures vanquished.

Grand Total: 1018 creatures vanquished

Notes
Turn   | Place    | Note
--------------------------------------------------------------
     0 | D:1      | Broswagonist, the Hill Orc Fighter, began the quest for the Orb.
     0 | D:1      | Reached XP level 1. HP: 19/19 MP: 1/1
    95 | D:1      | Reached XP level 2. HP: 25/27 MP: 2/2
   595 | D:1      | Reached XP level 3. HP: 33/33 MP: 3/3
   717 | D:1      | Reached skill level 4 in Armour
  1025 | D:2      | Found a glowing silver altar of Zin.
  1025 | D:2      | Found a white marble altar of Elyvilon.
  1233 | D:2      | Reached XP level 4. HP: 35/40 MP: 4/4
  1416 | D:3      | Noticed Sigmund
  1444 | D:3      | Killed Sigmund
  1444 | D:3      | Reached XP level 5. HP: 4/46 MP: 5/5
  1711 | D:3      | HP: 1/47 [orc wizard/magic dart (8)]
  1744 | D:3      | Reached skill level 5 in Armour
  1755 | D:3      | HP: 2/47 [orc wizard/magic dart (4)]
  1759 | D:3      | Reached XP level 6. HP: 1/53 MP: 6/6
  1956 | D:3      | Reached skill level 5 in Shields
  2079 | D:3      | Noticed Crazy Yiuf
  2091 | D:3      | Killed Crazy Yiuf
  2261 | D:3      | Became a worshipper of Beogh the Brigand
  2395 | D:3      | Noticed a phantom
  2796 | D:3      | Killed a phantom
  2796 | D:3      | Reached skill level 5 in Fighting
  2796 | D:3      | Reached XP level 7. HP: 18/61 MP: 7/7
  2826 | D:3      | Found a burning altar of Makhleb.
  3335 | D:4      | Found a shadowy altar of Dithmenos.
  3438 | D:4      | Reached skill level 6 in Shields
  3472 | D:3      | HP: 2/61 [gnoll/spear (7)]
  3492 | D:2      | Found a blossoming altar of Fedhas.
  4076 | D:4      | Acquired Beogh's first power
  4351 | D:4      | Reached XP level 8. HP: 46/70 MP: 8/8
  4414 | D:5      | Entered Level 5 of the Dungeon
  4496 | D:5      | Got a heavily runed cloak
  4500 | D:5      | Identified the cursed +1 cloak "Ryrischil" {+Fly} (You found it on level 5 of the Dungeon)
  4502 | D:5      | Found Epemuecacs' Food Boutique.
  4651 | D:5      | Acquired Beogh's second power
  4685 | D:5      | Reached skill level 5 in Maces & Flails
  4723 | D:5      | Reached skill level 7 in Shields
  5427 | D:6      | Reached skill level 8 in Shields
  5433 | D:6      | Found Psin's Gadget Shoppe.
  5471 | D:6      | Reached XP level 9. HP: 56/79 MP: 9/9
  5592 | D:6      | Found Wyc Inypieg's Assorted Antiques.
  5620 | D:6      | Got a bloodstained war axe
  5621 | D:6      | Identified the +11,-1 war axe of the Mosquito {freeze, Stlth+} (You found it on level 6 of the Dungeon)
  5790 | D:6      | Found Ostu's Antique Armour Emporium.
  5797 | D:6      | Bought a pair of runed boots for 90 gold pieces
  5801 | D:6      | Bought a shiny shield for 90 gold pieces
  5829 | D:6      | Bought a crude leather armour for 140 gold pieces
  5840 | D:6      | Identified the +2 leather armour of Feasting {Str+3} (You bought it in a shop on level 6 of the Dungeon)
  5842 | D:6      | Bought a glowing scale mail for 80 gold pieces
  5910 | D:6      | Acquired Beogh's third power
  6200 | D:7      | Reached skill level 9 in Shields
  6411 | D:7      | Found a sand-covered staircase.
  6420 | Ossuary  | Entered an ossuary
  6549 | Ossuary  | Acquired Beogh's fourth power
  6564 | Ossuary  | Reached skill level 1 in Invocations
  6747 | Ossuary  | Reached XP level 10. HP: 88/88 MP: 12/12
  6929 | D:7      | Paralysed by a giant eyeball for 3 turns
  7102 | D:7      | Paralysed by a giant eyeball for 2 turns
  7250 | D:7      | Found a staircase to the Ecumenical Temple.
  7338 | D:7      | Reached skill level 1 in Evocations
  7427 | D:8      | Got a distressingly furry chain mail
  7443 | D:8      | Identified the +4 chain mail of Sin {rC++ Int+2 Acc-3} (You found it on level 8 of the Dungeon)
  7493 | D:8      | Noticed a seven-headed hydra
  7502 | D:8      | Killed a nine-headed hydra
  7502 | D:8      | Reached skill level 10 in Shields
  7531 | D:8      | Found a staircase to the Lair.
  8100 | D:8      | Gained Orbeogh as an ally
  8426 | Lair:1   | Entered Level 1 of the Lair of Beasts
  8486 | Lair:1   | Found a labyrinth entrance.
  8489 | Lair:1   | Noticed Harold
  8502 | Lair:1   | Killed Harold
  8502 | Lair:1   | Reached skill level 5 in Invocations
  8541 | Lab      | Entered a labyrinth
  8722 | Lab      | Noticed a minotaur
  8732 | Lab      | Killed a minotaur
  8748 | Lab      | Got a shimmering leather armour
  8779 | Lab      | Identified the +5 leather armour of Resourcefulness {rN+} (You found it in a labyrinth)
  8793 | Lab      | Identified a +5 rod of clouds (14/14) (You found it in a labyrinth)
  8975 | Lair:1   | Noticed Fannar
  8975 | Lair:1   | Reached XP level 11. HP: 97/97 MP: 21/21
  8986 | Lair:1   | Killed Fannar
  8986 | Lair:1   | Reached skill level 11 in Shields
  9054 | Lair:1   | Noticed Nergalle
  9060 | Lair:1   | Acquired Beogh's fifth power
  9065 | Lair:1   | Killed Nergalle
  9694 | Lair:2   | Noticed a five-headed hydra
  9701 | Lair:2   | Killed a six-headed hydra
 10012 | Lair:2   | Gained Borgun as an ally
 10564 | Lair:3   | Noticed Maud
 10577 | Lair:3   | Killed Maud
 10756 | Lair:3   | Found a blossoming altar of Fedhas.
 10878 | Lair:3   | Reached skill level 12 in Shields
 11703 | Lair:4   | Noticed a seven-headed hydra
 11709 | Lair:4   | Killed a seven-headed hydra
 11763 | Lair:4   | Noticed Snorg
 11771 | Lair:4   | Killed Snorg
 11771 | Lair:4   | Reached skill level 5 in Evocations
 11771 | Lair:4   | Reached XP level 12. HP: 66/106 MP: 25/25
 11898 | Lair:4   | Noticed an ice dragon
 11912 | Lair:4   | Killed an ice dragon
 12021 | Lair:4   | Noticed Rupert
 12028 | Lair:4   | Paralysed by Rupert for 6 turns
 12037 | Lair:4   | Killed Rupert
 12037 | Lair:4   | Reached skill level 10 in Fighting
 12143 | Lair:4   | Found a hole to the Spider Nest.
 12854 | Lair:5   | Reached skill level 10 in Invocations
 13710 | Lair:6   | Found a staircase to the Slime Pits.
 13937 | Lair:6   | Found a staircase to the Swamp.
 13991 | Lair:6   | Got a fine bone ring
 14378 | Lair:7   | Noticed a five-headed hydra
 14383 | Lair:7   | Killed a six-headed hydra
 14487 | Lair:7   | Reached skill level 13 in Shields
 14945 | Lair:7   | Noticed a six-headed hydra
 14949 | Lair:7   | Killed a six-headed hydra
 15172 | Lair:8   | Entered Level 8 of the Lair of Beasts
 15182 | Lair:8   | Reached XP level 13. HP: 115/115 MP: 27/27
 15209 | Lair:8   | Identified the ring "Lewk" {MR+ Stlth-} (You found it on level 6 of the Lair of Beasts)
 15325 | Lair:8   | Noticed a dire elephant
 15339 | Lair:8   | Killed a dire elephant
 15351 | Lair:8   | Noticed an eight-headed hydra
 15356 | Lair:8   | Killed a nine-headed hydra
 15356 | Lair:8   | Reached skill level 10 in Armour
 15481 | Lair:8   | Noticed a seven-headed hydra
 15488 | Lair:8   | Killed a nine-headed hydra
 15782 | Lair:7   | Noticed an eight-headed hydra
 15785 | Lair:7   | Killed an eight-headed hydra
 16117 | Lair:8   | Reached skill level 10 in Maces & Flails
 16196 | Lair:8   | Noticed a dire elephant
 16205 | Lair:8   | Killed a dire elephant
 16256 | Lair:8   | Found a burning altar of Makhleb.
 16289 | Lair:8   | Found a gateway to Hell.
 17965 | D:10     | Entered Level 10 of the Dungeon
 18115 | D:10     | Found a white marble altar of Elyvilon.
 18126 | D:10     | Found a flagged portal.
 18141 | Bailey   | Entered a bailey
 18244 | Bailey   | Gained Wargath as an ally
 18250 | Bailey   | Found a burning altar of Makhleb.
 19188 | D:11     | Gained Argrim as an ally
 19463 | D:11     | Noticed Psyche
 19467 | D:11     | Killed Psyche
 19625 | D:11     | Found Ceisi's Pet Rocks.
 20065 | D:12     | Your ally Wargath died
 20068 | D:12     | Gained Okrist as an ally
 20069 | D:12     | Your ally Argrim died
 20506 | D:12     | Found a staircase to the Orcish Mines.
 20509 | D:12     | Gained Zorug as an ally
 20530 | D:12     | Noticed Maurice
 20535 | D:12     | Killed Maurice
 20547 | D:12     | Identified a +2 cloak of preservation (You took it off Maurice on level 12 of the Dungeon)
 20816 | D:12     | Gained Ugrim as an ally
 20872 | D:12     | Paralysed by a giant eyeball for 3 turns
 21102 | D:13     | Reached XP level 14. HP: 124/124 MP: 29/29
 21118 | D:13     | Your ally Ugrim died
 21309 | D:13     | Found Nymoriom's Book Shop.
 21528 | D:13     | Gained Warbeogh as an ally
 21551 | D:13     | Your ally Warbeogh died
 21580 | D:13     | Found a gate to the Vaults.
 21580 | D:13     | Noticed a vault guard
 21590 | D:13     | Killed a vault guard
 22890 | D:14     | Noticed Nessos
 22899 | D:14     | Killed Nessos
 23017 | D:14     | Found Craept's General Store.
 23072 | D:14     | Identified Ruateed's Almanac of Protection
 23101 | D:14     | Found a blossoming altar of Fedhas.
 23375 | D:15     | Entered Level 15 of the Dungeon
 23395 | D:15     | Reached skill level 14 in Shields
 23484 | D:15     | Gained Learuk as an ally
 24259 | D:15     | Found a staircase to the Depths.
 24259 | D:15     | Noticed a frost giant
 24267 | D:15     | Killed a frost giant
 26213 | Swamp:1  | Entered Level 1 of the Swamp
 26382 | Swamp:1  | Gained Margrim as an ally
 27569 | Swamp:2  | Reached XP level 15. HP: 73/134 MP: 31/31
 27648 | Swamp:2  | Gained Ognian as an ally
 27652 | Swamp:2  | Your ally Ognian died
 28486 | Swamp:3  | Noticed Donald
 28557 | Swamp:2  | Slain by a seven-headed hydra

Action                   |  1- 3 |  4- 6 |  7- 9 | 10-12 | 13-15 || total
-------------------------+-------+-------+-------+-------+-------++-------
Melee: Dagger            |   153 |   161 |       |       |       ||   314
       Flail             |     3 |    36 |   217 |       |       ||   256
       Unarmed           |       |     2 |       |     1 |       ||     3
       Scythe            |       |     5 |       |       |       ||     5
       Hammer            |       |   161 |   330 |       |       ||   491
       Short sword       |       |    21 |    15 |       |       ||    36
       Long sword        |       |     6 |    41 |       |       ||    47
       War axe           |       |       |   259 |   216 |   403 ||   878
       Mace              |       |       |    17 |       |       ||    17
       Rod               |       |       |       |       |     3 ||     3
Throw: Throwing net      |       |     4 |       |     7 |     2 ||    13
       Dart              |       |    10 |       |       |       ||    10
       Tomahawk          |       |       |       |       |    25 ||    25
Invok: Convert to Beogh  |       |     1 |       |       |       ||     1
       Recall Orcish Fol |       |       |       |     5 |    76 ||    81
 Abil: Evoke Flight      |       |       |       |       |     1 ||     1
Evoke: Wand              |       |       |     1 |     4 |    14 ||    19
       Rod               |       |       |       |     2 |    41 ||    43
       Fan of gales      |       |       |       |       |     3 ||     3
       Lamp of fire      |       |       |       |       |     1 ||     1
  Use: Scroll            |     3 |     4 |     6 |    22 |    14 ||    49
       Potion            |       |     3 |       |     2 |     5 ||    10
 Stab: Distracted        |       |       |       |     1 |     5 ||     6
